NCAA
MICHIGAN WOLVERINES @ VILLANOVA WILDCATS
05/02/2024
 
TOP OF THE 1ST
Michigan Wolverines batting - Pitching for Villanova Wildcats : LHP Glenn Fox
Pitching: LHP Glenn Fox
Batting: RHB Scott Walker 0-0: Ball
1-0: Called Strike
1-1: Foul Ball, location: 2F
1-2: Ball
2-2: Ball
3-2: Foul Ball, location: 2F
3-2: Foul Ball, location: 2F
3-2: Foul Ball, location: 2F
3-2: Strikes out swinging
Batting: RHB Mario Silva 0-0: Called Strike
0-1: Hit by Pitch
Batting: LHB Sergio Luna 0-0: Ball
1-0: Foul Ball, location: 2F
1-1: Ball
Wild Pitch!
Mario Silva to second
2-1: SINGLE (Line Drive, 7S)
Mario Silva to third
Batting: SHB Rafael Acosta 0-0: Ball
1-0: Ball
2-0: Ball
3-0: Called Strike
3-1: Grounds into double play, 6-4-3 (Groundball, 6)
Top of the 1st over - 0 run(s), 1 hit(s), 0 error(s), 1 left on base; Michigan 0 - Villanova 0
BOTTOM OF THE 1ST
Villanova Wildcats batting - Pitching for Michigan Wolverines : RHP Guillermo Beltrán
Pitching: RHP Guillermo Beltrán
Batting: RHB Tomás Carranza 0-0: Ball
1-0: Foul Ball, location: 2F
1-1: Ball
2-1: Called Strike
2-2: Foul Ball, location: 2F
2-2: Ball
3-2: Foul Ball, location: 2F
3-2: Foul Ball, location: 2F
3-2: Foul Ball, location: 2F
3-2: Foul Ball, location: 2F
3-2: Foul Ball, location: 2F
3-2: Foul Ball, location: 2F
3-2: Base on Balls
Batting: SHB Harry Goff 0-0: Called Strike
Tomás Carranza is caught stealing 2nd base
0-1: Ball
1-1: Fly out, F8 (Flyball, 8RS)
Batting: RHB Ben Hall 0-0: Ball
1-0: Ball
2-0: Foul Ball, location: 2F
2-1: Foul Ball, location: 2F
2-2: Strikes out swinging
Bottom of the 1st over - 0 run(s), 0 hit(s), 0 error(s), 0 left on base; Michigan 0 - Villanova 0
TOP OF THE 2ND
Michigan Wolverines batting - Pitching for Villanova Wildcats : LHP Glenn Fox
Batting: SHB Denver Harmon 0-0: Ball
1-0: Ground out 5-3 (Groundball, 56)
Batting: SHB Mike Howard 0-0: Called Strike
0-1: SINGLE (Line Drive, 6MD)
Batting: SHB Juan Cruz 0-0: Called Strike
0-1: Ball
1-1: Ball
2-1: Grounds into double play, 5-4-3 (Groundball, 56)
Top of the 2nd over - 0 run(s), 1 hit(s), 0 error(s), 0 left on base; Michigan 0 - Villanova 0
BOTTOM OF THE 2ND
Villanova Wildcats batting - Pitching for Michigan Wolverines : RHP Guillermo Beltrán
Batting: RHB Luis Ibarra 0-0: Called Strike
0-1: Ball
1-1: Swinging Strike
1-2: Ball
2-2: Foul Ball, location: 2F
2-2: Strikes out swinging passed ball, reaches first!
Batting: RHB Gunner Allen 0-0: Ground out 6-3 (Groundball, 6MS)
Luis Ibarra to second
Batting: LHB Al Bartlett 0-0: Foul Ball, location: 2F
0-1: Called Strike
0-2: Strikes out swinging
Batting: RHB Ken Craft 0-0: Ball
Wild Pitch!
Luis Ibarra to third
1-0: Ball
2-0: Called Strike
2-1: Foul Ball, location: 2F
2-2: Strikes out swinging
Bottom of the 2nd over - 0 run(s), 0 hit(s), 0 error(s), 1 left on base; Michigan 0 - Villanova 0
TOP OF THE 3RD
Michigan Wolverines batting - Pitching for Villanova Wildcats : LHP Glenn Fox
Batting: LHB George Flanagan 0-0: Swinging Strike
0-1: Swinging Strike
0-2: Ball
1-2: Strikes out swinging
Batting: RHB Ray Robertson 0-0: Fly out, F8 (Flyball, 8LM)
Batting: RHB Scott Walker 0-0: Called Strike
0-1: Ball
1-1: Ground out 6-3 (Groundball, 6)
Top of the 3rd over - 0 run(s), 0 hit(s), 0 error(s), 0 left on base; Michigan 0 - Villanova 0
BOTTOM OF THE 3RD
Villanova Wildcats batting - Pitching for Michigan Wolverines : RHP Guillermo Beltrán
Batting: LHB Steven Smith 0-0: Foul Ball, location: 2F
0-1: Ball
1-1: Swinging Strike
1-2: Ball
2-2: Hit by Pitch
Batting: RHB Leonardo Williams 0-0: Ball
1-0: Ball
2-0: 2-RUN HOME RUN (Flyball, 78XD), Distance : 364 ft
Batting: RHB Tomás Carranza 0-0: Ground out 5-3 (Groundball, 5L)
Batting: SHB Harry Goff 0-0: Ball
1-0: Ball
2-0: Ball
3-0: Base on Balls
Batting: RHB Ben Hall 0-0: Ball
Harry Goff is caught stealing 2nd base
1-0: Ball
2-0: Ball
3-0: Called Strike
3-1: Base on Balls
Batting: RHB Luis Ibarra 0-0: Ball
1-0: Called Strike
1-1: Foul Ball, location: 2F
1-2: Ball
2-2: Strikes out swinging
Bottom of the 3rd over - 2 run(s), 1 hit(s), 0 error(s), 1 left on base; Michigan 0 - Villanova 2
TOP OF THE 4TH
Michigan Wolverines batting - Pitching for Villanova Wildcats : LHP Glenn Fox
Batting: RHB Mario Silva 0-0: Ball
1-0: Ball
2-0: Swinging Strike
2-1: Ball
3-1: Foul Ball, location: 2F
3-2: Base on Balls
Batting: LHB Sergio Luna 0-0: Called Strike
0-1: Swinging Strike
0-2: Grounds into double play, 6-4-3 (Groundball, 6)
Batting: SHB Rafael Acosta 0-0: Called Strike
0-1: Foul Ball, location: 2F
0-2: Ball
1-2: SINGLE (Flyball, 4D)
Batting: SHB Denver Harmon 0-0: Ball
1-0: Ball
Rafael Acosta steals 2nd base
2-0: Foul Ball, location: 2F
2-1: Called Strike
2-2: Ground out 6-3 (Groundball, 6M)
Top of the 4th over - 0 run(s), 1 hit(s), 0 error(s), 1 left on base; Michigan 0 - Villanova 2
BOTTOM OF THE 4TH
Villanova Wildcats batting - Pitching for Michigan Wolverines : RHP Guillermo Beltrán
Batting: RHB Gunner Allen 0-0: Ball
1-0: Foul Ball, location: 2F
1-1: Foul Ball, location: 2F
1-2: Ball
2-2: Strikes out swinging
Batting: LHB Al Bartlett 0-0: SINGLE (Groundball, 34D)
Batting: RHB Ken Craft 0-0: Ball
1-0: Ball
2-0: Ball
3-0: Base on Balls
Al Bartlett to second
Batting: LHB Steven Smith 0-0: Ball
1-0: Foul Ball, location: 2F
1-1: Ball
2-1: Ball
3-1: Foul Ball, location: 2F
3-2: Foul Ball, location: 2F
3-2: Foul Ball, location: 2F
3-2: Base on Balls
Al Bartlett to third
Ken Craft to second
Batting: RHB Leonardo Williams 0-0: Called Strike
0-1: Fly out, F8 (Flyball, 8LM)
Runner from 3rd tags up, SCORES, no throw
Batting: RHB Tomás Carranza 0-0: Ball
1-0: Ball
2-0: Ball
Wild Pitch!
Ken Craft to third
Steven Smith to second
3-0: Called Strike
3-1: Ground out U3 (Groundball, 3L)
Bottom of the 4th over - 1 run(s), 1 hit(s), 0 error(s), 2 left on base; Michigan 0 - Villanova 3
TOP OF THE 5TH
Michigan Wolverines batting - Pitching for Villanova Wildcats : LHP Glenn Fox
Batting: SHB Mike Howard 0-0: Ground out 6-3 (Groundball, 56)
Batting: SHB Juan Cruz 0-0: Swinging Strike
0-1: SINGLE (Line Drive, 78S)
Batting: LHB George Flanagan 0-0: Ball
Juan Cruz steals 2nd base
1-0: Ball
2-0: Swinging Strike
2-1: Called Strike
2-2: Ball
3-2: Foul Ball, location: 2F
3-2: SINGLE (Groundball, 34)
Juan Cruz to third
Runner from 3rd tries for Home, SAFE, no throw or cutoff
Batting: RHB Ray Robertson 0-0: Called Strike
0-1: Fly out, F3 (Popup, 3F)
Batting: RHB Scott Walker 0-0: Called Strike
0-1: Ball
1-1: Reached on error, E4 (Groundball, 34)
George Flanagan to third
Batting: RHB Mario Silva 0-0: Ball
1-0: Swinging Strike
1-1: Foul Ball, location: 2F
1-2: SINGLE (Groundball, 56D)
George Flanagan scores
Scott Walker to third
Runner from 3rd tries for Home, SAFE, no throw or cutoff
Batting: LHB Sergio Luna 0-0: Called Strike
0-1: Swinging Strike
0-2: Strikes out swinging
Top of the 5th over - 3 run(s), 3 hit(s), 1 error(s), 1 left on base; Michigan 3 - Villanova 3
BOTTOM OF THE 5TH
Villanova Wildcats batting - Pitching for Michigan Wolverines : RHP Guillermo Beltrán
Pitching: LHP Garrett Love
Batting: SHB Harry Goff 0-0: Ball
1-0: Foul Ball, location: 2F
1-1: Foul Ball, location: 2F
1-2: Strikes out looking
Batting: RHB Ben Hall 0-0: Called Strike
0-1: Swinging Strike
0-2: Ball
1-2: Foul Ball, location: 2F
1-2: Foul Ball, location: 2F
1-2: Strikes out swinging
Batting: RHB Luis Ibarra 0-0: Ball
1-0: Swinging Strike
1-1: Ground out 4-3 (Groundball, 4)
Bottom of the 5th over - 0 run(s), 0 hit(s), 0 error(s), 0 left on base; Michigan 3 - Villanova 3
TOP OF THE 6TH
Michigan Wolverines batting - Pitching for Villanova Wildcats : LHP Glenn Fox
Batting: SHB Rafael Acosta 0-0: Ball
1-0: Ball
2-0: Called Strike
2-1: Ground out 6-3 (Groundball, 6)
Pitching: RHP Mathieu Bourbeau
Batting: SHB Denver Harmon 0-0: Called Strike
0-1: Ball
1-1: Ball
2-1: Ball
3-1: Foul Ball, location: 2F
3-2: Base on Balls
Batting: SHB Mike Howard 0-0: Ball
1-0: Called Strike
1-1: Called Strike
1-2: Ball
2-2: Fly out, F9 (Line Drive, 9M)
Batting: SHB Juan Cruz 0-0: Ball
1-0: Ball
2-0: Fly out, F5 (Popup, 5F)
Top of the 6th over - 0 run(s), 0 hit(s), 0 error(s), 1 left on base; Michigan 3 - Villanova 3
BOTTOM OF THE 6TH
Villanova Wildcats batting - Pitching for Michigan Wolverines : LHP Garrett Love
Batting: RHB Gunner Allen 0-0: Foul Ball, location: 2F
0-1: Ball
1-1: Foul Ball, location: 2F
1-2: Ground out 5-3 (Groundball, 5S)
Batting: LHB Al Bartlett 0-0: Ball
1-0: SINGLE (Groundball, 4MD)
Batting: RHB Ken Craft 0-0: Ball
1-0: Called Strike
1-1: Grounds into double play, U6-3 (Groundball, 6)
Bottom of the 6th over - 0 run(s), 1 hit(s), 0 error(s), 0 left on base; Michigan 3 - Villanova 3
TOP OF THE 7TH
Michigan Wolverines batting - Pitching for Villanova Wildcats : RHP Mathieu Bourbeau
Batting: LHB George Flanagan 0-0: Ball
1-0: Called Strike
1-1: Swinging Strike
1-2: Foul Ball, location: 2F
1-2: Ball
2-2: Ball
3-2: Foul Ball, location: 2F
3-2: Base on Balls
Pinch Hitting: RHB Vincente León 0-0: Ball
1-0: Sac Bunt - play at second, runner OUT! 2-6
Batting: RHB Scott Walker 0-0: Called Strike
0-1: Ball
1-1: Ground out 5-3 (Groundball, 56)
Vincente León to second
Batting: RHB Mario Silva 0-0: Called Strike
0-1: Foul Ball, location: 2F
0-2: Ball
1-2: Foul Ball, location: 2F
1-2: Ball
2-2: Ball
3-2: Foul Ball, location: 2F
3-2: Foul Ball, location: 2F
3-2: Ground out 5-3 (Groundball, 5)
Top of the 7th over - 0 run(s), 0 hit(s), 0 error(s), 1 left on base; Michigan 3 - Villanova 3
BOTTOM OF THE 7TH
Villanova Wildcats batting - Pitching for Michigan Wolverines : LHP Garrett Love
Now at SS: Juan Carlos Mesa
Batting: LHB Steven Smith 0-0: Ground out U3 (Groundball, 3L)
Pitching: RHP Ray Robbins
Batting: RHB Leonardo Williams 0-0: Called Strike
0-1: Foul Ball, location: 2F
0-2: Ball
1-2: Strikes out swinging
Batting: RHB Tomás Carranza 0-0: Called Strike
0-1: SINGLE (Popup, 8RS)
Batting: SHB Harry Goff 0-0: Ball
1-0: Ball
Tomás Carranza steals 2nd base
2-0: Ball
3-0: Called Strike
3-1: Swinging Strike
3-2: Strikes out swinging
Bottom of the 7th over - 0 run(s), 1 hit(s), 0 error(s), 1 left on base; Michigan 3 - Villanova 3
TOP OF THE 8TH
Michigan Wolverines batting - Pitching for Villanova Wildcats : RHP Mathieu Bourbeau
Batting: LHB Sergio Luna 0-0: Ball
1-0: Ball
2-0: Ground out U3 (Groundball, 3)
Pitching: RHP Billy Jacobs
Batting: SHB Rafael Acosta 0-0: Ground out 6-3 (Groundball, 6M)
Batting: SHB Denver Harmon 0-0: Called Strike
0-1: Foul Ball, location: 2F
0-2: Foul Ball, location: 2F
0-2: Ball
1-2: Strikes out swinging
Top of the 8th over - 0 run(s), 0 hit(s), 0 error(s), 0 left on base; Michigan 3 - Villanova 3
BOTTOM OF THE 8TH
Villanova Wildcats batting - Pitching for Michigan Wolverines : RHP Ray Robbins
Batting: RHB Ben Hall 0-0: Called Strike
0-1: Ball
1-1: Foul Ball, location: 2F
1-2: Strikes out looking
Batting: RHB Luis Ibarra 0-0: Ball
1-0: DOUBLE (Flyball, 89M)
Batting: RHB Gunner Allen 0-0: Foul Ball, location: 2F
0-1: Ball
1-1: Ball
2-1: Foul Ball, location: 2F
2-2: Ball
3-2: Base on Balls
Batting: LHB Al Bartlett 0-0: Ball
1-0: Ball
2-0: Ball
3-0: Base on Balls
Luis Ibarra to third
Gunner Allen to second
Batting: RHB Ken Craft 0-0: Foul Ball, location: 2F
0-1: Foul Ball, location: 2F
0-2: Foul Ball, location: 2F
0-2: Strikes out looking
Batting: LHB Steven Smith 0-0: Foul Ball, location: 2F
0-1: Ball
1-1: Swinging Strike
1-2: Strikes out swinging
Bottom of the 8th over - 0 run(s), 1 hit(s), 0 error(s), 3 left on base; Michigan 3 - Villanova 3
TOP OF THE 9TH
Michigan Wolverines batting - Pitching for Villanova Wildcats : RHP Billy Jacobs
Pitching: RHP John Walker
Pinch Hitting: RHB Buck Charles 0-0: Called Strike
0-1: Ball
1-1: Ball
2-1: Foul Ball, location: 2F
2-2: Ball
3-2: Base on Balls
Batting: SHB Juan Cruz 0-0: Ball
1-0: Foul Ball, location: 2F
1-1: Ball
2-1: Swinging Strike
2-2: Ball
3-2: Base on Balls
Buck Charles to second
Batting: LHB George Flanagan 0-0: Ball
1-0: Bunted foul
1-1: Bunted foul
1-2: Ball
2-2: Ball
3-2: Foul Ball, location: 2F
3-2: Base on Balls
Buck Charles to third
Juan Cruz to second
Pitching: RHP Michael Díaz
Batting: SHB Juan Carlos Mesa 0-0: Ball
1-0: Ball
2-0: Called Strike
2-1: Called Strike
2-2: Strikes out swinging
Batting: RHB Scott Walker 0-0: Ball
1-0: Fly out, F7 (Flyball, 7S)
Batting: RHB Mario Silva 0-0: Ball
1-0: Ball
2-0: Called Strike
2-1: Swinging Strike
2-2: Fly out, F9 (Flyball, 9M)
Top of the 9th over - 0 run(s), 0 hit(s), 0 error(s), 3 left on base; Michigan 3 - Villanova 3
BOTTOM OF THE 9TH
Villanova Wildcats batting - Pitching for Michigan Wolverines : RHP Ray Robbins
Now in LF: Patrick Potts
Batting: RHB Leonardo Williams 0-0: Ball
1-0: Called Strike
1-1: Ball
2-1: Swinging Strike
2-2: Strikes out swinging
Batting: RHB Tomás Carranza 0-0: Ball
1-0: Ball
2-0: Called Strike
2-1: SINGLE (Groundball, 5D)
Pitching: RHP Javier Rico
Batting: SHB Harry Goff 0-0: Called Strike
0-1: Ball
1-1: Foul Ball, location: 2F
1-2: Ball
2-2: SINGLE (Groundball, 34D)
Tomás Carranza to second
Tomás Carranza to third
Batting: RHB Ben Hall 0-0: Ball
1-0: 3-RUN HOME RUN (Flyball, 8LXD), Distance : 399 ft
This league is powered by Out of the Park Baseball, the baseball management simulation game for PC, Mac and Linux
Saturday, April 9th, 2016 - OOTP Baseball 16.8 Build 38